Map: Fields of Death

Players

Musumeci - Winner!

  • Race: Zerg Zerg
  • League: Diamond
  • Spawn Location: 12:00

MichyMoko - Winner!

  • Race: Zerg Zerg
  • Spawn Location: 12:00

Snowdrum

  • Race: Zerg Zerg
  • League: Master
  • Spawn Location: 6:00

Sadixe

  • Race: Zerg Zerg
  • Spawn Location: 7:00

VOD

Have the link to the VOD?

Description

Time

  • Played on: March 11, 2017, 12:57 p.m.
  • Length: 11:44
Show
View Real Time Build Order
Export as new Build Order

Musumeci Zerg - Winner!

Build Orders: Pool First, Zergling Baneling 

Get SALT Encoding   

  12  0:00  Drone  
  13  0:07  Drone  
  14  0:16  Overlord  
  14  0:26  Drone, Extractor  
  15  0:36  Drone x2  
  17  0:45  Spawning Pool  
  17  0:48  Extractor  
  15  0:55  Drone  
  16  0:59  Drone  
  17  1:05  Drone  
  18  1:34  Zergling x4  
  18  1:35  Hatchery  
  19  1:47  Metabolic Boost  
  19  1:52  Zergling x2  
  19  1:59  Zergling x2  
  20  2:12  Zergling x2  
  17  2:33  Zergling x4  
  17  2:35  Queen  
  17  2:37  Baneling Nest  
  20  2:45  Overlord  
  20  2:48  Zergling x2  
  21  2:56  Zergling x2  
  19  3:08  Zergling x4  
  21  3:22  Zergling x2  
  21  3:23  Zergling x4  
  24  3:32  Zergling x2  
  24  3:33  Zergling x2  
  22  3:36  Queen  
  24  3:43  Baneling x4  
  24  3:55  Zergling x8  
  21  4:15  Zergling x2  
  21  4:16  Zergling x2  
  25  4:18  Baneling  
  25  4:19  Baneling  
  20  4:39  Baneling x4  
  20  4:50  Zergling x8  
  21  5:09  Baneling x2  
  21  5:14  Baneling x4  
  19  5:18  Queen  
  21  5:23  Zergling x2  
  18  5:34  Drone  
  18  5:35  Drone  
  19  5:43  Drone  
  19  5:44  Drone  
  21  6:02  Drone x4  
  25  6:08  Zergling x4  
  26  6:32  Zergling x2  
  26  6:33  Zergling x10  
  26  6:34  Drone  
  32  6:47  Queen  
  32  6:48  Drone x2  
  36  6:54  Evolution Chamber  
  29  7:39  Zergling x14  
  29  7:42  Overlord x2  
  34  8:03  Zergling x8  
  37  8:31  Zergling x6  
  37  8:32  Zergling x4  
  38  8:37  Spore Crawler  
  38  8:39  Spore Crawler  
  38  8:40  Spore Crawler x2  
  34  8:41  Queen x2  
  27  9:19  Zergling x26  
  37  9:29  Drone  
  38  9:32  Queen  
  40  9:44  Zergling x8  
  39  10:01  Zergling x10  
  43  10:24  Baneling  
  43  10:25  Baneling  
  30  10:54  Zergling x18  
  30  10:55  Zergling x10  
Show
View Real Time Build Order
Export as new Build Order

MichyMoko Zerg - Winner!

Build Orders: Pool First 

Get SALT Encoding   

  12  0:02  Drone  
  13  0:20  Overlord  
  13  0:21  Drone  
  14  0:44  Drone  
  14  0:45  Drone x2  
  17  0:53  Spawning Pool  
  17  0:55  Drone  
  17  1:00  Extractor  
  16  1:06  Drone  
  17  1:23  Hatchery, Drone  
  17  1:41  Queen  
  17  1:42  Spine Crawler  
  18  1:49  Zergling x2  
  18  1:52  Zergling x2  
  20  1:58  Overlord  
  20  2:07  Zergling x2  
  21  2:20  Zergling x2  
  20  2:36  Queen  
  22  2:37  Zergling x6  
  25  3:07  Drone  
  25  3:08  Drone x6  
  32  3:21  Roach Warren  
  27  3:51  Zergling x2  
  27  3:52  Zergling x14  
  34  4:06  Queen  
  36  4:18  Metabolic Boost  
  36  4:20  Overlord x4  
  32  4:39  Drone  
  32  4:40  Drone x5  
  34  5:05  Roach  
  34  5:06  Roach x3  
  42  5:20  Roach x2  
  44  5:24  Queen  
  46  6:16  Zergling x8  
  46  6:17  Zergling x12  
  56  6:27  Roach  
  56  6:28  Roach x5  
  67  6:48  Lair  
  67  6:52  Drone, Extractor  
  67  6:53  Drone  
  68  6:54  Overlord x2  
  68  6:55  Overlord  
  62  7:42  Spore Crawler  
  61  7:46  Drone x5  
  61  7:47  Drone  
  61  7:48  Queen  
  69  7:52  Spore Crawler  
  69  7:56  Spore Crawler  
  55  8:14  Zergling x4  
  55  8:15  Zergling x14  
  48  8:35  Hydralisk Den  
  47  8:48  Spore Crawler  
  46  8:51  Spore Crawler  
  36  9:04  Zergling x2  
  36  9:05  Zergling x16  
  45  9:11  Extractor  
  45  9:13  Extractor  
  43  9:20  Hydralisk  
  43  9:21  Hydralisk x3  
  51  9:27  Hydralisk x2  
  55  9:31  Hydralisk x3  
  55  9:35  Hydralisk  
  63  9:39  Hydralisk x3  
  63  9:40  Hydralisk  
  71  9:50  Drone x2  
  73  9:58  Hydralisk  
  75  10:04  Muscular Augments  
  75  10:19  Hydralisk x3  
  75  10:20  Hydralisk  
  83  10:23  Overlord x2  
  83  10:24  Overlord  
  83  10:48  Hatchery  
  82  10:51  Evolution Chamber  
  76  11:18  Hydralisk x4  
  74  11:19  Hydralisk x9  
Show
View Real Time Build Order
Export as new Build Order

Snowdrum Zerg 

Build Orders: Pool First, Zergling Baneling 

Get SALT Encoding   

  12  0:04  Drone  
  13  0:08  Extractor  
  12  0:28  Spawning Pool  
  11  0:29  Drone  
  12  0:36  Drone  
  12  0:40  Drone  
  14  0:51  Overlord  
  14  1:15  Zergling x6  
  14  1:16  Metabolic Boost  
  17  1:26  Zergling x2  
  19  1:40  Zergling x2  
  19  1:48  Zergling x2  
  19  1:49  Queen  
  22  2:19  Baneling Nest  
  19  2:28  Zergling x6  
  22  2:44  Overlord  
  20  3:01  Zergling x4  
  22  3:05  Baneling  
  22  3:06  Baneling x3  
  22  3:07  Zergling x4  
  22  3:08  Zergling x2  
  25  3:14  Zergling x2  
  26  3:26  Zergling x2  
  25  3:37  Baneling x2  
  25  3:38  Baneling x2  
  25  3:40  Zergling x6  
  25  4:06  Zergling x2  
  25  4:07  Zergling x4  
  21  4:17  Zergling x2  
  21  4:20  Baneling x2  
  21  4:21  Baneling  
  22  4:28  Zergling x2  
  22  4:29  Hatchery  
  20  4:43  Zergling x6  
  22  4:48  Baneling x2  
  22  4:49  Baneling x2  
  22  4:51  Baneling  
  22  4:56  Zergling x2  
  18  5:15  Zergling x6  
  21  5:22  Baneling x2  
  21  5:25  Baneling  
  21  5:28  Zergling x2  
  20  5:45  Roach Warren  
  20  5:47  Drone  
  19  5:54  Drone  
  20  5:59  Drone  
  21  6:07  Drone  
  22  6:16  Drone x2  
  24  6:25  Roach  
  26  6:31  Drone  
  27  6:38  Queen  
  29  6:45  Roach  
  31  6:48  Drone  
  32  6:55  Drone  
  32  6:56  Drone  
  34  7:02  Overlord  
  34  7:22  Roach  
  27  7:32  Roach x4  
  29  7:41  Zergling x2  
  30  7:44  Overlord  
  30  7:48  Overlord  
  28  7:59  Roach  
  30  8:08  Roach  
  30  8:09  Zergling x4  
  33  8:25  Roach  
  33  8:33  Drone  
  33  8:42  Roach  
  35  8:53  Roach  
  29  9:15  Roach x2  
  32  9:25  Roach  
  32  9:27  Queen  
  36  9:35  Extractor  
  36  9:37  Roach  
  37  9:44  Hatchery  
  36  9:54  Roach  
  36  10:06  Roach  
  42  10:21  Roach x2  
  42  10:29  Roach  
  40  10:49  Drone  
  31  10:57  Roach  
  31  11:02  Roach  
  33  11:15  Roach  
  33  11:23  Roach  
Show
View Real Time Build Order
Export as new Build Order

Sadixe Zerg 

Build Orders: Pool First, Zergling Baneling 

Get SALT Encoding   

  12  0:01  Drone  
  13  0:09  Extractor  
  12  0:25  Spawning Pool  
  11  0:30  Drone  
  11  0:34  Drone  
  13  0:45  Overlord  
  13  0:51  Drone  
  14  1:12  Zergling x4  
  14  1:13  Zergling x2  
  17  1:29  Zergling x2  
  18  1:42  Zergling x2  
  19  1:49  Zergling x2  
  19  1:51  Queen  
  22  2:16  Overlord  
  21  2:26  Baneling Nest  
  17  2:30  Zergling x2  
  17  2:31  Zergling x4  
  20  2:40  Metabolic Boost  
  19  2:58  Zergling x2  
  19  2:59  Zergling x2  
  20  3:12  Baneling x4  
  20  3:13  Baneling x2  
  20  3:16  Zergling x2  
  20  3:17  Zergling x2  
  19  3:50  Zergling x6  
  19  3:53  Overlord x2  
  22  4:03  Baneling x4  
  22  4:05  Baneling x4  
  22  4:13  Zergling x4  
  17  4:39  Zergling x2  
  17  4:40  Zergling x2  
  19  4:48  Lair  
  19  4:51  Baneling x3  
  19  4:57  Baneling  
  15  5:35  Zergling x12  
  21  5:47  Extractor  
  20  6:10  Spire  
  13  6:42  Drone  
  13  6:44  Drone x4  
  18  7:21  Mutalisk x2  
  18  7:22  Mutalisk  
  24  7:31  Mutalisk  
  14  8:31  Hatchery  
  13  10:28  Mutalisk  
  13  10:29  Mutalisk  
Tags
 
Add a new tag
Caveats
  • Supply blocks, unpowered buildings, or Contaminate may cause inaccurate times.
  • Supply counts are checked every 10 seconds.